Map: King's Cove LE

Players

Moja - Winner!

  • Race: Terran Terran
  • League: Grandmaster
  • Spawn Location: 11:00

TestoviroN

  • Race: Protoss Protoss
  • League: Grandmaster
  • Spawn Location: 5:00

VOD

Have the link to the VOD?

Description

Time

  • Played on: April 9, 2025, 6:23 p.m.
  • Length: 7:37
Show
View Real Time Build Order
Export as new Build Order

Moja Terran - Winner!

Build Orders: Gas First Reaper Expand 

Get SALT Encoding   

  12  0:00  SCV  
  13  0:12  SCV  
  14  0:17  Supply Depot  
  14  0:24  SCV  
  15  0:28  Refinery  
  15  0:39  SCV  
  16  0:45  Barracks  
  16  0:51  SCV  
  17  1:03  SCV  
  18  1:15  SCV  
  19  1:32  Reaper  
  21  1:34  Orbital Command  
  19  1:50  Command Center  
  19  1:58  Factory  
  19  2:00  SCV  
  20  2:06  Reaper  
  21  2:14  Bunker  
  21  2:19  Supply Depot  
  21  2:22  SCV  
  21  2:38  Marine  
  21  2:43  Factory Tech Lab  
  22  2:46  SCV  
  22  2:59  SCV  
  22  3:02  Marine  
  22  3:04  Cyclone  
  27  3:11  SCV  
  28  3:13  Refinery  
  28  3:22  Marine  
  28  3:26  SCV  
  30  3:28  Command Center  
  30  3:40  SCV  
  31  3:45  Barracks Reactor  
  31  3:48  Supply Depot  
  31  4:04  Starport  
  31  4:09  SCV, Cyclone  
  35  4:14  Supply Depot  
  35  4:21  SCV  
  35  4:22  Marine x2  
  38  4:30  Mag-Field Accelerator  
  38  4:33  SCV  
  39  4:40  Medivac  
  39  4:41  Orbital Command  
  41  4:45  SCV  
  41  4:50  Marine x2  
  44  4:59  SCV  
  45  5:11  SCV  
  45  5:12  Cyclone, Marine  
  45  5:13  Marine  
  50  5:15  Orbital Command  
  50  5:17  Viking  
  52  5:24  SCV  
  53  5:30  Marine x2  
  53  5:32  Supply Depot  
  55  5:36  SCV  
  56  5:47  SCV  
  56  5:48  SCV, Marine x2  
  60  5:54  Cyclone  
  60  5:55  Viking  
  65  5:59  SCV  
  65  6:00  SCV  
  65  6:02  Engineering Bay  
  67  6:04  Supply Depot  
  67  6:08  Marine x2  
  69  6:11  SCV  
  69  6:16  Supply Depot  
  70  6:26  SCV x2  
  70  6:27  Supply Depot  
  70  6:28  Cyclone, Viking  
  70  6:31  Marine  
  78  6:38  Marine  
  79  6:46  SCV, Missile Turret  
  79  6:59  SCV  
  72  7:04  SCV  
  72  7:06  Marine x2  
  76  7:11  SCV  
  76  7:16  SCV  
  76  7:23  SCV  
Show
View Real Time Build Order
Export as new Build Order

TestoviroN Protoss 

Build Orders:  

Get SALT Encoding   

  12  0:01  Probe  
  13  0:13  Probe  
  14  0:18  Pylon  
  14  0:25  Probe  
  15  0:35  Probe  
  15  0:37  Gateway  
  16  0:43  Probe  
  17  0:52  Pylon  
  17  0:53  Probe  
  18  1:05  Probe  
  18  1:11  Gateway  
  19  1:17  Probe  
  20  1:19  Assimilator  
  20  1:26  Cybernetics Core  
  20  1:35  Zealot  
  22  1:41  Pylon  
  22  1:51  Stalker  
  22  1:52  Pylon  
  24  2:07  Shield Battery  
  24  2:10  Assimilator  
  24  2:14  Adept  
  25  2:16  Adept  
  27  2:44  Adept  
  27  2:46  Adept  
  31  2:57  Probe  
  32  3:14  Warp Gate  
  32  3:15  Nexus  
  32  3:24  Pylon  
  32  3:25  Probe  
  33  3:37  Probe  
  34  3:49  Probe  
  34  3:51  Twilight Council  
  35  4:00  Stalker  
  35  4:04  Probe  
  36  4:16  Probe  
  37  4:25  Probe  
  37  4:28  Probe  
  37  4:30  Charge  
  39  4:33  Probe  
  39  4:37  Probe  
  40  4:42  Probe  
  40  4:45  Robotics Facility, Probe  
  43  4:53  Shield Battery  
  43  4:54  Probe  
  43  4:55  Probe  
  39  5:02  Stalker  
  39  5:03  Stalker  
  39  5:06  Probe  
  38  5:15  Probe  
  38  5:18  Probe  
  40  5:21  Pylon  
  40  5:22  Warp Prism  
  40  5:28  Gateway x2  
  42  5:36  Gateway  
  42  5:45  Gateway  
  42  5:47  Gateway  
  42  5:53  Gateway  
  42  5:56  Gateway  
  42  5:59  Pylon  
  42  6:05  Shield Battery  
  42  6:10  Zealot  
  44  6:18  Pylon  
  44  6:24  Zealot x2  
  48  6:30  Zealot  
  50  6:38  Zealot  
  52  6:47  Zealot x4  
  58  6:57  Zealot x3  
  36  7:08  Zealot x3  
  36  7:09  Zealot  
  42  7:19  Zealot x3  
  35  7:31  Zealot  
  35  7:32  Zealot x3  
Tags
 
Add a new tag
Caveats
  • Supply blocks, unpowered buildings, or Contaminate may cause inaccurate times.
  • Supply counts are checked every 10 seconds.